Map: Ruins of Seras

Players

AcerBly (Bly) - Winner!

  • Race: Zerg Zerg

Apocalypse

  • Race: Terran Terran

Event: Gauntlet LotV Series 1 Qualifier 1

VOD

Have the link to the VOD?

Description

Time

  • Played on: Nov. 22, 2015, 7:59 p.m.
  • Length: 18:10

All games in this series

Show
View Real Time Build Order
Export as new Build Order

AcerBly Zerg - Winner!

Build Orders: Hatch First, Roach Nydus 

Get SALT Encoding   

  12  0:01  Drone  
  13  0:12  Overlord  
  13  0:20  Drone  
  14  0:31  Drone x2  
  16  0:39  Drone  
  17  0:53  Hatchery  
  16  0:58  Drone  
  16  1:03  Extractor  
  16  1:14  Spawning Pool  
  16  1:15  Drone  
  16  1:19  Drone  
  16  1:25  Drone  
  18  1:30  Drone  
  19  1:42  Overlord  
  19  2:01  Zergling x2  
  19  2:02  Queen, Zergling x2  
  19  2:06  Queen  
  19  2:07  Drone  
  26  2:19  Drone x2  
  28  2:33  Drone x3  
  31  2:42  Lair  
  31  2:45  Drone x2  
  31  2:49  Overlord  
  32  3:00  Drone x2  
  34  3:06  Extractor, Queen  
  35  3:13  Drone x3  
  35  3:14  Drone x3  
  41  3:22  Roach Warren  
  41  3:25  Drone x2  
  42  3:32  Overlord  
  42  3:33  Overlord  
  42  3:44  Nydus Network  
  41  3:50  Queen  
  43  4:02  Overlord  
  45  4:03  Roach x4  
  45  4:05  Overseer  
  51  4:12  Overlord  
  51  4:14  Overlord  
  51  4:21  Queen  
  53  4:27  Nydus Canal  
  53  4:32  Roach x2  
  53  4:33  Queen  
  61  4:38  Roach  
  61  4:50  Roach x2  
  58  5:00  Drone  
  58  5:01  Drone x8  
  58  5:02  Drone x3  
  66  5:18  Overlord  
  66  5:24  Drone x5  
  66  5:26  Hatchery  
  66  5:29  Glial Reconstitution  
  66  5:30  Extractor  
  66  5:31  Extractor  
  64  5:37  Spore Crawler  
  63  5:46  Roach  
  63  5:47  Roach x5  
  75  5:51  Overlord  
  73  5:57  Evolution Chamber x2  
  73  6:01  Drone x3  
  73  6:02  Drone  
  74  6:07  Overlord  
  74  6:13  Overlord  
  74  6:16  Drone  
  68  6:22  Drone x4  
  68  6:25  Zerg Ground Armor Level 1  
  72  6:27  Zerg Missile Weapons Level 1  
  72  6:29  Drone  
  72  6:31  Overlord  
  73  6:39  Drone x3  
  76  6:49  Drone x2  
  76  6:50  Drone  
  76  6:51  Drone x2  
  81  7:02  Roach x3  
  81  7:03  Roach x4  
  81  7:06  Overlord  
  95  7:24  Pneumatized Carapace  
  95  7:25  Roach x7  
  95  7:29  Overlord  
  109  7:32  Drone x4  
  109  7:34  Extractor  
  109  7:35  Drone x3, Extractor  
  114  7:41  Drone x3  
  117  7:47  Drone x2  
  117  7:49  Drone  
  120  8:00  Burrow  
  120  8:02  Overlord  
  120  8:03  Tunneling Claws  
  120  8:05  Overlord x3  
  120  8:17  Roach x5  
  120  8:18  Overlord  
  128  8:35  Ravager x5  
  128  8:38  Overlord  
  128  8:41  Drone x9  
  138  8:43  Hatchery  
  138  8:44  Zerg Missile Weapons Level 2  
  141  8:48  Infestation Pit  
  137  9:03  Overlord  
  137  9:13  Roach x5  
  137  9:14  Zerg Ground Armor Level 2  
  151  9:20  Roach x4  
  151  9:21  Ravager  
  151  9:22  Ravager x2  
  151  9:23  Overseer  
  149  9:29  Roach x3  
  148  9:33  Roach  
  146  9:39  Ravager  
  146  9:42  Roach  
  146  9:45  Roach x4  
  157  9:46  Spine Crawler x2  
  155  9:55  Extractor  
  155  9:59  Roach x16  
  154  10:00  Extractor  
  153  10:16  Roach x9  
  153  10:17  Hatchery  
  170  10:34  Roach x4  
  170  10:35  Roach x5  
  160  10:38  Roach  
  160  10:39  Roach x5  
  160  10:42  Roach x7  
  161  10:48  Roach x4  
  161  10:49  Roach x6  
  161  10:50  Roach x5  
  154  10:59  Roach x2  
  154  11:03  Roach x4  
  156  11:04  Roach x4  
  156  11:05  Roach  
  156  11:09  Roach x2  
  150  11:18  Drone x17  
  129  11:26  Roach x4  
  129  11:27  Roach  
  131  11:33  Hatchery  
  131  11:39  Hatchery  
  127  11:45  Roach x8  
  127  11:46  Roach  
  139  11:51  Infestor x2  
  143  12:09  Roach  
  143  12:22  Roach x3  
  141  12:23  Roach x8  
  141  12:26  Ravager  
  141  12:27  Ravager x5  
  163  12:30  Overlord  
  161  12:58  Roach x5  
  161  12:59  Roach x5  
  175  13:19  Spore Crawler  
  166  13:39  Roach  
  166  13:48  Infestor  
  166  14:05  Roach  
  166  14:06  Roach x12  
  166  14:07  Overlord  
  187  14:16  Roach x30  
  181  14:26  Infestor x2  
  181  14:27  Overlord  
  183  14:33  Extractor, Spawning Pool  
  183  14:34  Extractor  
  174  14:42  Roach x9  
  152  14:58  Roach x13  
  172  15:00  Roach x4  
  139  15:20  Roach x8  
  151  15:23  Overlord  
  125  15:47  Roach  
  125  15:48  Roach x10  
  132  16:13  Roach x4  
  132  16:14  Roach x7  
  144  16:23  Extractor  
  143  16:27  Roach x4  
  143  16:30  Drone  
  154  16:32  Ravager  
  154  16:33  Ravager x4  
  154  16:34  Hatchery  
  140  16:47  Hatchery, Roach  
  140  16:48  Roach x7  
  132  17:15  Roach  
  132  17:16  Roach x8  
  132  17:19  Overlord  
  132  17:22  Roach  
  125  17:38  Drone x7  
  125  17:39  Drone x5  
  106  17:57  Drone x6  
Show
View Real Time Build Order
Export as new Build Order

Apocalypse Terran 

Build Orders: MMM Bio 

Get SALT Encoding   

  12  0:01  SCV  
  13  0:13  SCV  
  14  0:18  Supply Depot  
  14  0:25  SCV  
  15  0:39  SCV  
  15  0:41  Barracks  
  16  0:47  Refinery  
  16  0:51  SCV  
  17  1:04  SCV  
  18  1:16  SCV  
  19  1:28  Marine, Orbital Command  
  20  1:45  Command Center  
  20  1:53  Barracks Reactor  
  21  1:54  SCV  
  21  2:01  Supply Depot  
  21  2:06  SCV  
  22  2:14  Factory  
  22  2:18  SCV  
  23  2:23  Refinery  
  23  2:30  SCV  
  23  2:31  Marine x2  
  26  2:37  Bunker  
  26  2:42  SCV  
  27  2:50  Marine x2  
  29  2:57  Orbital Command  
  29  3:00  Factory Tech Lab  
  29  3:02  SCV  
  30  3:12  Starport  
  30  3:14  SCV  
  31  3:22  Cyclone  
  31  3:26  Marine x2  
  36  3:31  SCV  
  36  3:33  SCV  
  38  3:38  Supply Depot  
  38  3:44  SCV  
  38  3:45  SCV  
  40  3:48  Medivac  
  40  3:49  Marine x2  
  44  3:56  SCV  
  44  3:57  SCV  
  46  4:03  Supply Depot  
  46  4:08  Supply Depot, SCV  
  46  4:09  SCV  
  48  4:12  Liberator  
  48  4:17  Supply Depot, Siege Tank  
  48  4:20  SCV  
  48  4:22  Marine x2  
  54  4:25  SCV  
  58  4:32  SCV  
  59  4:39  Marine  
  59  4:40  SCV, Marine  
  59  4:44  SCV  
  62  4:59  Marine x2  
  61  5:01  SCV  
  61  5:11  Siege Tank  
  64  5:16  SCV, Marine  
  64  5:19  Command Center  
  65  5:25  SCV  
  66  5:29  SCV  
  67  5:40  SCV  
  67  5:42  SCV, Refinery x2  
  69  5:44  Siege Tank, Barracks  
  69  5:45  Barracks  
  72  5:52  SCV  
  72  5:53  Engineering Bay  
  72  5:54  SCV, Engineering Bay  
  74  5:57  Marine x2  
  74  5:58  Starport Reactor  
  76  6:06  SCV  
  77  6:15  SCV  
  74  6:20  Marine x2  
  74  6:24  Supply Depot  
  76  6:30  Terran Infantry Weapons Level 1, Terran Infantry Armor Level 1  
  76  6:31  Orbital Command  
  76  6:32  SCV  
  80  6:35  Barracks Tech Lab  
  77  6:40  SCV  
  77  6:42  Supply Depot  
  77  6:43  Barracks x2  
  78  6:49  Stimpack, Marine  
  78  6:50  Marauder, Factory Reactor, Marine  
  78  6:53  SCV  
  83  6:55  Combat Shields  
  83  6:56  Orbital Command  
  83  6:57  Marauder  
  85  7:03  SCV  
  85  7:05  SCV  
  85  7:07  Medivac x2  
  91  7:15  SCV  
  92  7:17  Supply Depot, SCV  
  93  7:24  Marauder x2, Marine x2  
  93  7:26  SCV  
  93  7:27  SCV  
  93  7:28  Widow Mine x2  
  105  7:31  Supply Depot  
  105  7:35  Missile Turret  
  105  7:38  Supply Depot  
  105  7:40  Barracks Reactor  
  105  7:41  Barracks Reactor  
  105  7:44  SCV x2  
  107  7:46  Marauder  
  107  7:47  Marine  
  107  7:48  Marauder  
  112  7:51  SCV  
  112  7:54  Marine  
  112  7:56  SCV  
  112  7:58  Armory  
  115  8:01  SCV  
  115  8:04  SCV  
  115  8:05  Marine, Widow Mine x2  
  122  8:07  Marauder  
  122  8:08  Marine  
  122  8:13  Medivac  
  122  8:15  Marine  
  125  8:20  Marine x2  
  125  8:25  Marine x2  
  131  8:27  Marauder  
  131  8:29  Marauder  
  133  8:41  Refinery  
  133  8:42  Command Center, Refinery  
  133  9:01  Supply Depot, Terran Infantry Weapons Level 2, Terran Infantry Armor Level 2  
  133  9:02  Supply Depot, Terran Ship Weapons Level 1  
  133  9:03  SCV, Medivac, Marine x5  
  133  9:07  Supply Depot  
  141  9:22  SCV x3  
  141  9:23  Marauder x2  
  141  9:24  Medivac  
  150  9:29  Marine  
  150  9:34  Widow Mine x2, Marine x3  
  150  9:35  SCV x3  
  159  9:44  Marauder x2  
  163  9:47  SCV x2  
  163  9:49  Supply Depot  
  163  9:51  Supply Depot  
  165  9:53  Marine x4  
  165  9:54  SCV  
  165  9:59  SCV x2  
  172  10:03  Marine  
  172  10:04  Barracks x3  
  172  10:05  Marauder  
  172  10:06  Medivac, Marauder  
  162  10:29  Marine x4  
  162  10:30  Marauder x2, Marine  
  162  10:32  Planetary Fortress  
  149  10:38  Marine  
  149  10:41  Medivac  
  141  10:47  Marine x5  
  144  10:51  Marauder x2  
  144  10:56  Marine  
  138  11:05  Marine x6  
  138  11:11  Marine, Orbital Command  
  134  11:12  Marine x2  
  109  11:19  Marine x2  
  109  11:22  Missile Turret  
  109  11:27  SCV x2  
  109  11:28  Marine  
  109  11:31  Marine  
  108  11:39  SCV  
  105  11:40  Concussive Shells  
  105  11:45  SCV x2, Marine x2  
  107  11:48  Barracks Tech Lab  
  107  11:50  Barracks Tech Lab x2, Marine  
  107  11:51  SCV  
  108  12:01  SCV  
  109  12:02  Missile Turret  
  109  12:04  Marine  
  110  12:11  Marine x2  
  110  12:13  Medivac  
  114  12:16  SCV x2  
  114  12:19  Marine  
  114  12:20  Marine  
  116  12:25  Marine x3, Medivac  
  116  12:28  SCV  
  122  12:33  SCV x3  
  121  12:56  SCV x2  
  123  13:02  SCV x2  
  125  13:07  Missile Turret  
  125  13:08  SCV x2  
  125  13:10  Terran Infantry Weapons Level 3, Terran Infantry Armor Level 3  
  127  13:14  SCV  
  127  13:15  SCV  
  127  13:16  Missile Turret  
  127  13:17  Marine x4  
  127  13:18  Marauder, Marine  
  136  13:20  SCV  
  135  13:36  Marine x2  
  135  13:37  Marauder x2, Marine  
  135  13:40  SCV, Marine x4  
  135  13:41  Marauder x2  
  151  13:42  Supply Depot  
  151  13:49  Widow Mine x2  
  151  13:54  Marine  
  156  13:56  Marine x2  
  156  13:58  Medivac  
  156  14:02  Marine x3  
  153  14:03  Marauder  
  153  14:09  Marine  
  156  14:11  Marauder, Marine  
  156  14:12  Medivac  
  150  14:26  Marauder, Marine x4  
  150  14:28  Supply Depot  
  150  14:29  Supply Depot  
  150  14:30  Supply Depot, Marauder, Marine x2  
  158  14:31  Marine x2  
  158  14:32  Supply Depot, Medivac  
  129  14:52  Marine  
  129  14:53  Marine  
  130  15:01  Marauder, Marine x2  
  116  15:07  Marine  
  116  15:10  Marine  
  116  15:11  Marauder  
  116  15:12  Marine x3  
  116  15:13  Marauder x2  
  106  15:14  Medivac  
  106  15:15  Medivac  
  106  15:19  Marine x2  
  107  15:22  Marine  
  107  15:25  Marine  
  107  15:28  Marine  
  90  15:30  Marine x2  
  90  15:31  Marauder  
  90  15:32  Marauder  
  90  15:34  Marauder, Marine  
  90  15:35  Liberator  
  94  15:36  Marine  
  86  15:43  Marine  
  86  15:45  Marine x2  
  86  15:46  Marine  
  86  15:48  Marine  
  88  15:52  Marine  
  88  15:54  Marine x2  
  88  15:55  Marine, Marauder x2  
  94  15:57  Orbital Command  
  94  16:01  Marine  
  94  16:03  Marine  
  93  16:06  Marine x2  
  93  16:07  Marine  
  93  16:12  Marine  
  93  16:16  Marine  
  88  16:25  Marine x2  
  88  16:26  Marauder x2, Marine x3  
  88  16:32  Marine  
  97  16:38  Marine  
  97  16:45  Marine  
  97  16:46  Marine x2  
  94  16:47  Medivac, Marauder  
  94  16:50  Marine  
  94  16:52  Marine  
  94  16:54  Marine  
  94  16:58  Marine  
  94  17:00  Marine  
  90  17:01  Marine  
  90  17:04  Marine  
  90  17:07  Marine  
  88  17:21  Marine  
  88  17:22  Marine x2  
  85  17:28  Orbital Command  
  85  17:36  Marine  
  82  17:49  Marine  
Tags
 
Add a new tag
Caveats
  • Supply blocks, unpowered buildings, or Contaminate may cause inaccurate times.
  • Supply counts are checked every 10 seconds.